 Dungeon Crawl Stone Soup version 0.20.1-1-g8b1a95d (webtiles) character file.

121 MrModeste the Cudgeler (level 5, 0/41 HPs)
             Began as a Formicid Fighter on July 14, 2017.
             Slain by an orc
             ... wielding a cursed +0 hand axe
              (1 damage)
             ... on level 3 of the Dungeon.
             The game lasted 00:04:43 (1722 turns).

MrModeste the Cudgeler (Formicid Fighter)           Turns: 1722, Time: 00:04:44

Health: 0/41       AC:  6    Str: 21    XL:     5   Next: 26%
Magic:  5/5        EV:  7    Int:  7    God:
Gold:   162        SH:  0    Dex: 11    Spells: 4/4 levels left

rFire    + . .     SeeInvis +   a - +0 flail
rCold    + . .     Gourm    .   c - +0 shield
rNeg     . . .     Faith    .   b - +0 scale mail
rPois    +         Spirit   .   (helmet unavailable)
rElec    +         Reflect  .   (no cloak)
rCorr    +         Harm     .   (no gloves)
MR       .....                  (no boots)
Stlth    ..........             (no amulet)
Regen    0.2/turn               (no ring)
MPRegen  0.1/turn               (no ring)

@: confused, resistant
A: permanent stasis, dig shafts and tunnels, four strong arms, antennae 3
a: Dig, Shaft Self


You were on level 3 of the Dungeon.
You were not hungry.

You visited 1 branch of the dungeon, and saw 3 of its levels.

You collected 162 gold pieces.

Inventory:

Hand Weapons
 a - a +0 flail (weapon)
Missiles
 l - 4 javelins (quivered)
Armour
 b - a +0 scale mail (worn)
 c - a +0 shield (worn)
Jewellery
 m - an uncursed ring of poison resistance {unknown}
Scrolls
 e - a scroll of enchant armour {unknown}
 i - 2 scrolls of recharging {unknown}
 j - 2 scrolls of teleportation {unknown}
 k - a scroll of amnesia {unknown}
 n - a scroll of identify {unknown}
Potions
 d - a potion of might
Comestibles
 f - 2 bread rations
 g - a chunk of flesh


   Skills:
 - Level 3.2 Fighting
 + Level 5.0 Maces & Flails
 - Level 3.2 Armour
 - Level 3.6 Shields


You had 4 spell levels left.
You didn't know any spells.

Dungeon Overview and Level Annotations

Branches:
Dungeon (3/15)

Altars:


Innate Abilities, Weirdness & Mutations

You cannot be hasted, slowed, berserked, paralysed or teleported.
You can dig through walls and to a lower floor.
Your four strong arms can wield two-handed weapons with a shield.
You have a pair of large antennae on your head. (SInv)


Message History

You closely miss the orc wizard.
The orc wizard is severely wounded.
The orc wizard casts a spell at you.
You are confused.
You bump into the rock wall.
The orc wizard points at you and mumbles some strange words.
The magic dart hits you!
* * * LOW HITPOINT WARNING * * *
You're too confused!
It was a potion of resistance.
You feel protected.
The orc wizard hits you but does no damage.
You miss the orc wizard.
The orc wizard is severely wounded.
The orc wizard hits you but does no damage.
You sock the orc wizard!
You kill the orc wizard!
Your Maces & Flails skill increases to level 5!
You're too confused to move!
The orc hits you with a hand axe.
You die...

..............
##.#....o..... {
##.......oo....
..%.........)..
#...........
#...........
#..$........
###.##########
##@#<#####
#o##.#...##
######{#......##
#{..<$.#.......#
#.....#.#......#
.......##........
##..... #.....##
#..w.. #...##
###.## ####


You could see an orc.

Vanquished Creatures
  An orc priest (D:3)
  An orc wizard (D:3)
  A gnoll (D:2)
  An ooze (D:1)
  4 dart slugs
  2 leopard geckos (D:2)
  An orc (D:3)
  2 giant cockroaches (D:1)
  4 goblins
  4 hobgoblins
  4 jackals (D:2)
  2 quokkas (D:2)
  5 bats
  3 frilled lizards (D:2)
  4 kobolds (D:2)
  7 rats
46 creatures vanquished.

Notes
Turn   | Place    | Note
-------+----------+-------------------------------------------
     0 | D:1      | MrModeste the Formicid Fighter began the quest for the Orb.
     0 | D:1      | Reached XP level 1. HP: 18/18 MP: 1/1
    83 | D:1      | Reached XP level 2. HP: 24/24 MP: 2/2
   130 | D:1      | Reached skill level 3 in Maces & Flails
   492 | D:1      | Reached XP level 3. HP: 29/29 MP: 3/3
  1054 | D:2      | Reached skill level 4 in Maces & Flails
  1054 | D:2      | Reached XP level 4. HP: 33/35 MP: 4/4
  1711 | D:3      | Reached XP level 5. HP: 27/41 MP: 5/5
  1716 | D:3      | HP: 3/41 [orc wizard/magic dart (8)]
  1718 | D:3      | HP: 1/41 [orc wizard/magic dart (3)]
  1721 | D:3      | Reached skill level 5 in Maces & Flails
  1722 | D:3      | Slain by an orc

Skill      XL: |  1  2  3  4  5 |
---------------+----------------+-----
Maces & Flails | 3 4 5 |  5.0
Fighting       | |  3.2
Armour         | |  3.2
Shields        | |  3.6

Action                   |  1- 3 |  4- 6 || total
-------------------------+-------+-------++-------
Melee: Flail             |    86 |    51 ||   137
 Abil: Dig               |       |     2 ||     2
  Use: Potion            |       |     1 ||     1
  Eat: Chunk             |     1 |     2 ||     3
Armor: Scale mail        |    23 |    17 ||    40
Dodge: Dodged            |    33 |    13 ||    46
Block: Shield            |    41 |    24 ||    65
